 Dungeon Crawl Stone Soup version 0.29-a0-819-g94b489e (webtiles) character file.

Game seed: 1811625021961097891

9010 Illumine the Summoner (level 10, 0/78 HPs)
             Began as a Demigod Summoner on July 6, 2022.
             Constricted to death by an anaconda simulacrum (2 damage)
             ... in an ice cave.
             The game lasted 00:25:01 (10489 turns).

Illumine the Summoner (Demigod Summoner)           Turns: 10489, Time: 00:25:01

Health: 0/78       AC:  3    Str:  9    XL:     10   Next: 97%
Magic:  2/24       EV: 10    Int: 29    God:
Gold:   1230       SH:  0    Dex: 14    Spells: 6/23 levels left

rFire   x . .      SeeInvis .   w - +1 arbalest
rCold   + . .      Faith    .   (shield currently unavailable)
rNeg    . . .      Spirit   .   a - +0 robe
rPois   +          Reflect  .   (no helmet)
rElec   .          Harm     .   (no cloak)
rCorr   .          Rampage  .   (no gloves)
Will    +....                   o - +0 pair of boots
Stlth   ++........              (no amulet)
HPRegen 0.23/turn               x - ring of ice
MPRegen 0.19/turn               u - ring of poison resistance

@: constricted
A: high MP 1, forlorn, divine attributes
a: no special abilities


You were in an ice cave.
You visited 2 branches of the dungeon, and saw 10 of its levels.
You also visited: Bailey and Ice Cave.

You collected 1230 gold pieces.

Inventory:

Hand Weapons
 h - a +2 dagger of pain
 m - a +4 club
 w - a +1 arbalest (weapon)
 G - a +0 broad axe
Missiles
 q - 2 throwing nets
 v - 6 boomerangs of dispersal
 F - 4 atropa-tipped darts
 H - 12 curare-tipped darts
 I - 4 datura-tipped darts
Armour
 a - a +0 robe (worn)
 o - a +0 pair of boots (worn)
Jewellery
 u - a ring of poison resistance (right hand)
 x - a ring of ice (left hand)
Wands
 c - a wand of paralysis (28)
 i - a wand of light (2)
 p - a wand of mindburst (2)
 J - a wand of polymorph (4)
Scrolls
 d - 2 scrolls of enchant weapon
 g - a scroll of fog {unknown}
 j - 2 scrolls of blinking
 k - 9 scrolls of teleportation
 s - a scroll of magic mapping {unknown}
 t - a scroll of acquirement {unknown}
 y - a scroll of poison {unknown}
 B - a scroll of fear
 C - a scroll of vulnerability
 E - a scroll of amnesia {unknown}
 K - a scroll of immolation {unknown}
 M - a scroll of identify
Potions
 b - 2 potions of magic
 e - 3 potions of attraction {unknown}
 f - 3 potions of brilliance
 l - 6 potions of curing
 n - 4 potions of lignification
 r - a potion of flight {unknown}
 z - 4 potions of mutation {unknown}
 A - 2 potions of heal wounds {unknown}
 D - 2 potions of haste {unknown}
 L - a potion of might {unknown}


   Skills:
 + Level 3.9 Fighting
 + Level 5.6 Ranged Weapons
 + Level 4.4 Dodging
 - Level 1.7 Stealth
 + Level 7.1 Spellcasting
 - Level 4.0 Hexes
 + Level 8.4 Summonings
 + Level 2.3 Translocations
 + Level 7.1 Air Magic


You had 6 spell levels left.
You knew the following spells:

 Your Spells              Type           Power      Damage    Failure   Level
a - Summon Small Mammal   Summ           100%       N/A       1%          1
b - Call Imp              Summ           56%        N/A       1%          2
c - Call Canine Familiar  Summ           56%        N/A       1%          3
d - Summon Guardian Gole  Hex/Summ       46%        N/A       1%          3
e - Summon Lightning Spi  Summ/Air       53%        N/A       1%          4
f - Swiftness             Air            51%        N/A       1%          3
g - Apportation           Tloc           46%        N/A       1%          1

Your spell library contained the following spells:

 Spells                   Type           Power      Damage    Failure   Level
 Ensorcelled Hibernation  Hex/Ice        64%        N/A       3%          2
 Gell's Gravitas          Tloc           23%        N/A       6%          3
 Lesser Beckoning         Tloc           23%        N/A       6%          3
 Teleport Other           Tloc           23%        N/A       6%          3
 Passwall                 Tmut/Erth      8%         N/A       8%          2
 Alistair's Intoxication  Tmut/Pois      6%         N/A       80%         5


Dungeon Overview and Level Annotations

Branches:
Dungeon (9/15)             Temple (0/1) D:5            Lair (1/6) D:9
 Bailey (visited)           IceCv (1/1)
    Orc: D:9-12

Shops:
D:6 [

Annotations:
D:8 3 runed translucent doors, titanjones's ghost, novice FoMo


Innate Abilities, Weirdness & Mutations

You have an increased reservoir of magic. (+10% MP)
You shall have no god before yourself.
Your divine heritage dramatically boosts your attributes as you level up.


Message History

You start resting.
An anaconda simulacrum comes into view.
Fire: w) +1 arbalest
Press: ? - help, Q - select action, (/) - cycle Shift-Dir - straight line, f - anaconda simulacrum
Aim: an anaconda simulacrum (ally target, 53% to hit)
You shoot a bolt.
The bolt completely misses the anaconda simulacrum.
Unknown command.
Casting: Summon Lightning Spire (dangerous; 1% risk of failure)
Confirm with . or Enter, or press ? or * to list all spells.
The anaconda simulacrum barely misses your wolf.
The anaconda simulacrum bites your wolf.
The anaconda simulacrum freezes your wolf!!
Your wolf dies!
Your wolf's corpse disappears in a puff of smoke!
Casting: Call Canine Familiar (safe; 1% risk of failure)
Confirm with . or Enter, or press ? or * to list all spells.
Your lightning spire shoots out a bolt of lightning at the anaconda simulacrum!
The bolt of electricity hits the anaconda simulacrum!
The bolt of electricity hits the anaconda simulacrum.
The bolt of electricity hits your lightning spire.
Your lightning spire completely resists.
The bolt of electricity hits your lightning spire.
Your lightning spire completely resists.
Fire: w) +1 arbalest
Press: ? - help, Q - select action, (/) - cycle Shift-Dir - straight line, f/p - anaconda simulacrum
Aim: an anaconda simulacrum (purple smoke, heavily damaged, ally target, 53% to hit)
You shoot a bolt.
The bolt closely misses the anaconda simulacrum.
The anaconda simulacrum grabs you. The anaconda simulacrum bites you.
The anaconda simulacrum freezes you! You resist.
* * * LOW HITPOINT WARNING * * *
The anaconda simulacrum constricts you.
* * * LOW HITPOINT WARNING * * *
The anaconda simulacrum bites you.
* * * LOW HITPOINT WARNING * * *
The anaconda simulacrum freezes you! You resist.
* * * LOW HITPOINT WARNING * * *
The anaconda simulacrum constricts you.
You die...

###### ##8...###
#@Z§....###
##h.###...## #####
##..###...###.○..
##..###...###.☼4
#...###4h.#..#.
##### ##..#
##....## ####...###
###...# ##....#
##........###....##
###..#
##...............##
##...#


You could see an anaconda simulacrum (ally target), a friendly warg (summoned)
and a friendly lightning spire (summoned).

Vanquished Creatures
  2 yaks
  A centaur (D:7)
  A phantom (D:4)
  A bullfrog (D:8)
  A cane toad simulacrum (IceCv)
  A jelly (D:6)
  2 wolf simulacra (IceCv)
  2 adders
  A naga simulacrum (IceCv)
  An ufetubus (IceCv)
  A worm (D:5)
  6 orcs
  4 bats
  3 endoplasms
  A giant cockroach (D:4)
  A goblin (D:9)
  4 hobgoblins
  A jackal (D:3)
  8 kobolds
  A quokka (D:1)
  3 ball pythons
  3 frilled lizards
  A kobold zombie (D:9)
  4 rats
54 creatures vanquished.

Vanquished Creatures (collateral kills)
  A two-headed ogre (D:8)
  A cane toad (Lair:1)
  A kobold demonologist (D:9)
  A freezing wraith (IceCv)
  4 ice devils (IceCv)
  A hornet (D:9)
  A dire elephant simulacrum (IceCv)
  4 yaks
  4 death yak simulacra (IceCv)
  3 water moccasins
  3 orc warriors
  An ogre (D:6)
  3 phantoms
  A centaur (D:9)
  14 kobold brigands
  2 bullfrogs
  3 necrophages
  2 scorpions
  A two-headed ogre simulacrum (IceCv)
  A cane toad simulacrum (IceCv)
  4 wights (D:8)
  2 howler monkeys (D:8)
  3 hounds
  2 orc priests
  Jessica (D:2)
  An iguana (D:6)
  2 orc wizards
  3 polar bear simulacra (IceCv)
  3 adders
  3 shadow imps
  A white imp (IceCv)
  An ufetubus (IceCv)
  2 worms
  A dart slug (D:3)
  10 orcs
  4 ball pythons
  6 bats
  4 endoplasms
  8 goblins
  7 hobgoblins
  4 jackals
  2 frilled lizards (D:1)
  39 kobolds
  12 kobold skeletons (D:9)
  5 kobold zombies (D:9)
  2 rats
184 creatures vanquished.

Vanquished Creatures (others)
  2 hornets (D:7)
  4 black bears
  An orc warrior (Bailey)
  An ice beast (D:7)
  3 kobold brigands (Bailey)
  A scorpion (D:7)
  A wight (D:8)
  An iguana (D:5)
  A rat (D:1)
  3 fungi (D:9)
  2 plants (D:9)
  3 withered plants (D:7)
23 creatures vanquished.

Grand Total: 261 creatures vanquished

Notes
Turn   | Place    | Note
-------+----------+-------------------------------------------
     0 | D:1      | Illumine the Demigod Summoner began the quest for the Orb.
     0 | D:1      | Reached XP level 1. HP: 14/14 MP: 5/5
   313 | D:1      | Reached XP level 2. HP: 19/20 MP: 2/7
   425 | D:1      | Reached skill level 4 in Summonings
   438 | D:1      | Learned a level 2 spell: Call Imp
   916 | D:2      | Reached XP level 3. HP: 26/26 MP: 6/9
   916 | D:2      | Noticed Jessica
   922 | D:2      | Killed Jessica
   937 | D:2      | Learned a level 3 spell: Call Canine Familiar
  1542 | D:2      | Reached XP level 4. HP: 33/33 MP: 7/11
  2489 | D:4      | Noticed a phantom
  2497 | D:4      | Killed a phantom
  2498 | D:4      | Reached skill level 5 in Summonings
  2498 | D:4      | Reached XP level 5. HP: 37/38 MP: 7/13
  2505 | D:4      | Learned a level 3 spell: Summon Guardian Golem
  3150 | D:5      | Entered Level 5 of the Dungeon
  3175 | D:5      | Reached skill level 1 in Hexes
  3177 | D:5      | Noticed a black bear
  3190 | D:5      | Killed a black bear
  3191 | D:5      | Reached XP level 6. HP: 45/45 MP: 8/15
  3473 | D:5      | Found a staircase to the Ecumenical Temple.
  3594 | D:5      | Learned a level 4 spell: Summon Lightning Spire
  4014 | D:5      | Reached XP level 7. HP: 48/50 MP: 13/16
  4157 | D:6      | Found Lolyady's Antique Armour Shop.
  4247 | D:6      | Reached skill level 1 in Air Magic
  4570 | D:6      | Reached skill level 6 in Summonings
  4834 | D:7      | Noticed a hornet
  4967 | D:7      | Reached skill level 1 in Ranged Weapons
  4967 | D:7      | Reached XP level 8. HP: 16/57 MP: 7/18
  5325 | D:7      | Reached skill level 5 in Spellcasting
  5564 | D:7      | Killed a hornet
  5747 | D:7      | Noticed a hornet
  5756 | D:7      | Killed a hornet
  5852 | D:7      | Reached skill level 5 in Air Magic
  5885 | D:7      | Learned a level 3 spell: Swiftness
  6335 | D:8      | Found a runed translucent gate.
  6336 | D:8      | Found a runed translucent gate.
  6337 | D:8      | Found a runed translucent gate.
  6349 | D:8      | Noticed titanjones's ghost (novice FoMo)
  6536 | D:8      | Reached XP level 9. HP: 62/62 MP: 2/21
  6649 | D:8      | Learned a level 1 spell: Apportation
  6705 | D:8      | Reached skill level 7 in Summonings
  7326 | D:8      | Noticed a two-headed ogre
  7340 | D:8      | Killed a two-headed ogre
  7341 | D:8      | Reached skill level 1 in Fighting
  7627 | D:9      | Found a staircase to the Lair.
  7656 | D:9      | Found a flagged portal.
  7666 | Bailey   | Entered a bailey
  8137 | Bailey   | Reached XP level 10. HP: 34/74 MP: 13/23
  9160 | D:9      | Reached skill level 5 in Ranged Weapons
  9160 | D:9      | Reached skill level 8 in Summonings
  9459 | D:9      | Reached skill level 1 in Translocations
  9591 | Lair:1   | Entered Level 1 of the Lair of Beasts
  9893 | Lair:1   | Found a frozen archway.
  9904 | IceCv    | Entered an ice cave
 10489 | IceCv    | HP: 2/78 [anaconda simulacrum (11)]
 10489 | IceCv    | Constricted to death by an anaconda simulacrum

Illustrated notes

Levels and vault maps discovered:
D:1:      minmay_arrival_nine_rooms, layout_rooms, columned_hall_lemuel
D:2:      layout_loops_cross, hellmonk_ecumenical_altar_pennies_from_heaven,
          kennysheep_generic_room_13, uniq_jessica
D:3:      layout_basic, mainiacjoe_overflow_24_doors, st_stairs_8
D:4:      layout_basic
D:5:      wad_pebble_path, layout_loops_ring, temple_hall
D:6:      layout_cave_pools, serial_shops, nicolae_shop_stone,
          corexii_leaking_fountain
D:7:      layout_loops_cross, kiku_gazebo_garden_becter
D:8:      layout_loops_cross, mainiacjoe_overflow_alcove_4,
          nicolae_overflow_crystal_walls, minitemple, ebering_ghost_gozag
D:9:      wander_kiku_kobolds, layout_long_grid, dpeg_oklobed_lair,
          enter_bailey_3
Lair:1:   lemuel_reptile_caves, layout_regular_city,
          portal_ice_cave_entry_pillars_2, gammafunk_ghost_cemetery, uniq_fannar
IceCv:    ice_cave_small_necro

Skill      XL: |  1  2  3  4  5  6  7  8  9 10 |
---------------+-------------------------------+-----
Spellcasting   | 2 3 4 5 6 7 |  7.1
Summonings     | 4 5 6 7 8 |  8.4
Hexes          | 1 3 4 |  4.0
Air Magic      | 3 5 6 7 |  7.1
Ranged Weapons | 1 3 4 5 |  5.6
Fighting       | 2 3 |  3.9
Dodging        | 3 4 |  4.4
Translocations | 2 |  2.3
Stealth        | |  1.7

Action                   |  1- 3 |  4- 6 |  7- 9 | 10-12 || total
-------------------------+-------+-------+-------+-------++-------
Melee: Dagger            |     7 |       |       |       ||     7
       Unarmed           |     4 |       |       |       ||     4
       Club              |    12 |    41 |     6 |     1 ||    60
       Punch             |       |     1 |       |       ||     1
       Broad axe         |       |       |       |     5 ||     5
 Fire: Arbalest          |       |    27 |    49 |    66 ||   142
 Cast: Summon Small Mamm |    40 |     2 |     2 |       ||    44
       Call Imp          |    12 |     9 |     8 |       ||    29
       Call Canine Famil |       |    13 |    21 |    22 ||    56
       Summon Guardian G |       |     5 |    26 |     4 ||    35
       Summon Lightning  |       |       |    13 |    31 ||    44
  Use: Scroll            |       |     4 |     5 |     1 ||    10
 Stab: Distracted        |       |     1 |     1 |       ||     2
       Sleeping          |       |     1 |       |       ||     1
Armor: Robe              |    10 |    11 |     7 |    10 ||    38
Dodge: Dodged            |    36 |    38 |    42 |    36 ||   152

Table legend: (Time is in decaauts)
 A = Elapsed time spent in this place.
 B = Non-inter-level travel time spent in this place.
 C = Inter-level travel time spent in this place.
 D = Time resting spent in this place.
 E = Time spent auto-exploring this place.
 F = Levels seen in this place.
 G = Mean time per level.
                   A        B        C        D        E       F      G
               +--------+--------+--------+--------+--------+-----+--------+
         Total |  10639 |  10308 |    331 |   2233 |   5733 |  12 |  886.6 |
       Dungeon |   9002 |   8671 |    331 |   1342 |   5517 |   9 | 1000.2 |
          Lair |    315 |    315 |      0 |     59 |    216 |   1 |  315.0 |
        Bailey |    725 |    725 |      0 |    482 |      0 |   1 |  725.0 |
      Ice Cave |    596 |    596 |      0 |    350 |      0 |   1 |  596.0 |
               +--------+--------+--------+--------+--------+-----+--------+

Top non-repeatable levels by time:
     D:7: 1440 daAuts
     D:9: 1408 daAuts
     D:8: 1195 daAuts
     D:5: 1051 daAuts
     D:2: 953 daAuts
     D:1: 894 daAuts
     D:6: 731 daAuts
  Bailey: 725 daAuts
     D:4: 678 daAuts
     D:3: 648 daAuts
   IceCv: 596 daAuts
  Lair:1: 315 daAuts
